 Dungeon Crawl Stone Soup version 0.23-a0-143-g1adec7b (webtiles) character file.

3510 mopl the Impaler (level 10, 0/70 HPs)
             Began as a Merfolk Abyssal Knight on Sept 5, 2018.
             Was an Elder of Lugonu.
             Succumbed to a scorpion's poison
             ... on level 8 of the Dungeon.
             The game lasted 00:12:17 (8141 turns).

mopl the Impaler (Merfolk Abyssal Knight)           Turns: 8141, Time: 00:12:18

Health: 0/70       AC: 11    Str: 19    XL:     10   Next: 8%
Magic:  16/16      EV: 18    Int: 12    God:    Lugonu [****..]
Gold:   347        SH:  0    Dex: 25    Spells: 9/9 levels left

rFire    + + .     SeeInvis .   b - +3 scythe (protect)
rCold    + . .     Gourm    .   (shield currently unavailable)
rNeg     . . .     Faith    .   v - +0 leather armour {rF+}
rPois    +         Spirit   .   w - +0 helmet
rElec    +         Reflect  .   D - +2 cloak
rCorr    +         Harm     .   h - +0 pair of gloves
MR       .....                  e - +0 pair of boots
Stlth    +++.......             (no amulet)
HPRegen  0.21/turn              y - +5 ring of dexterity
MPRegen  0.15/turn              (no ring)

@: mighty, agile, lethally poisoned (0 -> -5), resistant
A: change form in water, swift swim, stealthy swim, slimy green scales 1, wild
magic 1, MP-powered wands
a: Depart the Abyss, Bend Space, Banish, Corrupt, Renounce Religion


You were on level 8 of the Dungeon.
You worshipped Lugonu.
Lugonu was greatly pleased with you.
You were not hungry.

You visited 1 branch of the dungeon, and saw 8 of its levels.
You visited the Abyss 1 time.

You collected 392 gold pieces.
You spent 45 gold pieces at shops.

Inventory:

Hand Weapons
 a - a +0 trident
 b - a +3 scythe of protection (weapon)
Missiles
 p - 4 tomahawks
 q - 8 javelins (quivered)
 u - 18 poisoned needles
 z - 3 tomahawks of dispersal
 F - 6 needles of confusion
 M - a throwing net
Armour
 e - a +0 pair of boots (worn)
 h - a +0 pair of gloves (worn)
 v - a +0 leather armour of fire resistance (worn)
 w - a +0 helmet (worn)
 D - a +2 cloak (worn)
Magical Staves
 B - an uncursed staff of power {unknown}
 C - an uncursed staff of cold {unknown}
Jewellery
 y - a +5 ring of dexterity (left hand)
Wands
 i - a wand of flame (50)
 x - a wand of paralysis (6)
 K - a wand of digging (9)
Scrolls
 d - a scroll of immolation {unknown}
 f - 4 scrolls of amnesia
 g - a scroll of remove curse
 j - 3 scrolls of enchant weapon
 k - 2 scrolls of blinking {unknown}
 l - a scroll of magic mapping {unknown}
 n - 2 scrolls of noise {unknown}
 r - a scroll of random uselessness
 t - a scroll of teleportation {unknown}
 A - a scroll of summoning {unknown}
 E - a scroll of enchant armour {unknown}
 I - a scroll of fog {unknown}
 L - 2 scrolls of identify
Potions
 m - a potion of mutation {!q}
 o - a potion of agility
 H - 2 potions of flight
 J - a potion of might
Comestibles
 c - 21 rations
 G - 2 chunks of flesh


   Skills:
 - Level 3.2 Fighting
 * Level 15.5 Polearms
 - Level 0.6 Armour
 - Level 2.6 Dodging
 + Level 9.1 Invocations


You had 9 spell levels left.
You didn't know any spells.
Your spell library contained the following spells:

 Spells                   Type           Power        Failure   Level  Hunger
 Sandblast                Erth           #.....       45%         1    ##.....
 Passwall                 Tmut/Erth      #.......     61%         2    ###....
 Stone Arrow              Conj/Erth      #.....       82%         3    ####...
 Petrify                  Tmut/Erth      #.......     99%         4    #####..
 Lee's Rapid Deconstruct  Erth           #.........   100%        5    ######.


Dungeon Overview and Level Annotations

Branches:
Dungeon (8/15)             Temple (0/1) D:6
   Lair: D:8-11

Altars:
Elyvilon
Sif Muna
Trog
Uskayaw
Zin

Shops:
D:6 %=:}


Innate Abilities, Weirdness & Mutations

You revert to your normal form in water.
You are very nimble and swift while swimming.
You are very stealthy in the water. (Stealth+)
You are partially covered in slimy green scales. (AC +2)
Your spells are a little harder to cast, but a little more powerful.
You expend magic power (3 MP) to strengthen your wands.


Message History

* * * LOW HITPOINT WARNING * * *
You feel sick.
Really quaff
m - 3 potions of mutation {!q}?
You feel extremely strange.
You feel genetically stable.
* * * LOW HITPOINT WARNING * * *
You feel sick.
Press: ? - help, Shift-Dir - straight line, f - you Really target yourself?
You cannot banish yourself!
You feel protected.
* * * LOW HITPOINT WARNING * * *
You feel sick.
Unknown command.
Really quaff
m - 2 potions of mutation {!q}?
You feel extremely strange.
You feel genetically unstable.
You feel less in control of your magic.
You feel your magical essence link to your wands.
Slimy green scales grow over part of your body.
You die...

######.# ......#
.# #..%>.# ...
#.....#
#.#.#.....#
.....(....##
...P.P.....#
...._..@<..#
...$.P...†......
..........##.###
..#..####.# # #
#.. .# ..# .?
... .## .. .#


There were no monsters in sight!

Vanquished Creatures
  Pikel (D:3)
  Grinder (D:4)
  Sigmund (D:2)
  Menkaure (D:7)
  Duvessa (D:4)
  An ice beast (D:5)
  2 slaves (D:4)
  5 black bears
  6 ogres
  A sky beast (D:5)
  A phantom (D:6)
  A bullfrog (D:6)
  Dowan (D:4)
  2 scorpions
  4 killer bees (D:7)
  3 wights (D:6)
  A howler monkey (D:5)
  A crimson imp (D:5)
  A bullfrog zombie (D:6)
  2 centaur zombies
  An orc priest (D:7)
  3 hounds
  2 jellies (D:7)
  3 orc wizards (D:4)
  An iguana (D:4)
  A worker ant (D:6)
  Ijyb (D:5)
  A howler monkey zombie (D:7)
  4 gnolls (D:2)
  9 adders
  A shadow imp (D:6)
  An ooze (D:3)
  2 adder skeletons
  2 dart slugs (D:1)
  4 leopard geckos
  18 orcs
  5 giant cockroaches
  6 goblins
  3 hobgoblins
  11 jackals
  6 kobolds
  3 quokkas
  4 bats
  3 frilled lizards
  A quokka skeleton (D:8)
  11 rats
144 creatures vanquished.

Notes
Turn   | Place    | Note
-------+----------+-------------------------------------------
     0 | Abyss:1  | mopl the Merfolk Abyssal Knight began the quest for the
                  | Orb.
     0 | Abyss:1  | Reached XP level 1. HP: 18/18 MP: 2/2
    74 | Abyss:1  | Noticed a kobold demonologist
   107 | D:1      | Escaped the Abyss
   219 | D:1      | Reached XP level 2. HP: 24/24 MP: 3/3
   302 | D:1      | Reached skill level 4 in Polearms
   863 | D:2      | Reached ** piety under Lugonu
   863 | D:2      | Reached XP level 3. HP: 29/29 MP: 4/4
   965 | D:2      | Reached skill level 5 in Polearms
  1272 | D:2      | Reached skill level 3 in Invocations
  1272 | D:2      | Reached XP level 4. HP: 21/35 MP: 6/6
  1490 | D:2      | Noticed Sigmund
  1774 | D:3      | Found a glowing silver altar of Zin.
  2317 | D:2      | Found a deep blue altar of Sif Muna.
  2406 | D:2      | Killed Sigmund
  2406 | D:2      | Reached skill level 7 in Polearms
  2406 | D:2      | Reached skill level 4 in Invocations
  2406 | D:2      | Reached XP level 5. HP: 37/41 MP: 6/8
  2406 | D:2      | Reached XP level 6. HP: 43/47 MP: 6/9
  3573 | D:4      | Noticed Duvessa
  3573 | D:4      | Noticed Dowan
  3585 | D:4      | Killed Duvessa
  3585 | D:4      | Reached skill level 8 in Polearms
  3591 | D:4      | Killed Dowan
  3591 | D:4      | Reached XP level 7. HP: 35/52 MP: 10/10
  3732 | D:4      | Reached skill level 9 in Polearms
  3906 | D:4      | Reached skill level 5 in Invocations
  3988 | D:4      | Noticed Grinder
  3988 | D:4      | Paralysed by Grinder for 6 turns
  4011 | D:4      | Paralysed by Grinder for 2 turns
  4018 | D:4      | Killed Grinder
  4018 | D:4      | Reached skill level 10 in Polearms
  4225 | D:4      | Reached XP level 8. HP: 50/58 MP: 12/12
  4341 | D:4      | Reached skill level 6 in Invocations
  4539 | D:4      | Noticed Pikel
  4657 | D:4      | Paralysed by Pikel for 3 turns
  4767 | D:3      | Paralysed by Pikel for 4 turns
  4774 | D:3      | Paralysed by Pikel for 7 turns
  4781 | D:3      | Killed Pikel
  4781 | D:3      | Reached skill level 12 in Polearms
  5089 | D:5      | Entered Level 5 of the Dungeon
  5203 | D:5      | Reached skill level 7 in Invocations
  5248 | D:5      | Noticed Ijyb
  5257 | D:5      | Killed Ijyb
  5257 | D:5      | Reached *** piety under Lugonu
  5374 | D:5      | Reached XP level 9. HP: 49/64 MP: 14/14
  5502 | D:5      | Reached skill level 13 in Polearms
  6050 | D:6      | Found Ystuaman's Food Boutique.
  6263 | D:6      | Reached skill level 8 in Invocations
  6313 | D:6      | Reached skill level 14 in Polearms
  6361 | D:6      | Found a staircase to the Ecumenical Temple.
  6431 | D:6      | Found Xakh's Book Shop.
  6436 | D:6      | Found Izosch's Gadget Shop.
  6515 | D:6      | Found Nota's Jewellery Shoppe.
  6519 | D:6      | Bought a cursed ring of attention for 45 gold pieces
  6772 | D:7      | HP: 3/64 [killer bee (3)]
  7197 | D:7      | Found a white marble altar of Elyvilon.
  7232 | D:7      | Found a hide-covered altar of Uskayaw.
  7524 | D:7      | Noticed Menkaure
  7535 | D:7      | Killed Menkaure
  7535 | D:7      | Reached skill level 15 in Polearms
  8014 | D:8      | Found a bloodstained altar of Trog.
  8023 | D:7      | Reached XP level 10. HP: 51/70 MP: 16/16
  8117 | D:8      | Reached skill level 9 in Invocations
  8118 | D:8      | Reached **** piety under Lugonu
  8137 | D:8      | HP: 3/70 [poisoned by a scorpion]
  8139 | D:8      | Gained mutation: You are somewhat resistant to further
                  | mutation. [potion of mutation]
  8139 | D:8      | HP: 1/70 [poisoned by a scorpion]
  8141 | D:8      | Lost mutation: You are somewhat resistant to further
                  | mutation. [potion of mutation]
  8141 | D:8      | Gained mutation: Your spells are a little harder to cast,
                  | but a little more powerful. [potion of mutation]
  8141 | D:8      | Gained mutation: You expend magic power (3 MP) to
                  | strengthen your wands. [potion of mutation]
  8141 | D:8      | Gained mutation: You are partially covered in slimy green
                  | scales. (AC +2) [potion of mutation]
  8141 | D:8      | Succumbed to a scorpion's poison

Vault maps used:
D:1:      onia_arrival_mini_maze
D:2:      lemuel_blue_sif_altar, uniq_sigmund
D:3:      lemuel_doored_altar
D:4:      first_ration, uniq_grinder, uniq_pikel, uniq_duvessa
D:5:      uniq_ijyb
D:6:      minmay_temple_entry_enclosed_plants, serial_shops, shop, shop, shop,
          shop
D:7:      grunt_temple_overflow_open, grunt_ogre_cave, uniq_menkaure
D:8:      trog_ov_bears_minmay, okawaru_ov_weapons_minmay

Skill      XL: |  1  2  3  4  5  6  7  8  9 10 |
---------------+-------------------------------+-----
Polearms       | 4 5 7 8 10 12 15 | 15.5
Invocations    | 3 4 5 7 8 9 |  9.1
Fighting       | |  3.2
Armour         | |  0.6
Dodging        | |  2.6

Action                   |  1- 3 |  4- 6 |  7- 9 | 10-12 || total
-------------------------+-------+-------+-------+-------++-------
Melee: Spear             |    85 |    49 |       |       ||   134
       Scythe            |       |    79 |   311 |    20 ||   410
Throw: Javelin           |       |       |     2 |       ||     2
Evoke: Wand              |       |       |     2 |       ||     2
  Use: Scroll            |       |     5 |     7 |       ||    12
       Potion            |       |     1 |     5 |     5 ||    11
 Stab: Sleeping          |       |       |     6 |       ||     6
  Eat: Chunk             |     1 |     8 |    13 |     2 ||    24
Armor: Leather armour    |     3 |       |   112 |    26 ||   141
       Ring mail         |     9 |    59 |       |       ||    68
Dodge: Dodged            |    27 |    86 |   191 |    35 ||   339

Table legend:
 A = Non-vault XP
 B = Vault XP
 C = Vault XP percentage of total XP
 D = Non-vault monster count
 E = Vault monster count
 F = Vault count percentage of total count
                 A         B        C        D         E       F
            +---------+---------+-------+---------+---------+-------
      Total |    3082 |    1933 |  38.5 |     131 |      11 |   7.7
            +---------+---------+-------+---------+---------+-------
        D:1 |      29 |       1 |   3.3 |      15 |       1 |   6.2
        D:2 |     132 |     220 |  62.5 |      29 |       1 |   3.3
        D:3 |      14 |     641 |  97.9 |       5 |       1 |  16.7
        D:4 |     514 |     494 |  49.0 |      26 |       3 |  10.3
        D:5 |     571 |      33 |   5.5 |      10 |       1 |   9.1
        D:6 |     877 |       0 |   0.0 |      20 |       0 |   0.0
        D:7 |     751 |     411 |  35.4 |      23 |       3 |  11.5
        D:8 |     194 |     133 |  40.7 |       3 |       1 |  25.0
            +---------+---------+-------+---------+---------+-------
